 Dungeon Crawl Stone Soup version 0.23-a0-32-g1388f29 (webtiles) character file.

1 Amnesiac the Magician (level 1, -2/13 HPs)
             Began as a Mummy Earth Elementalist on Aug 4, 2018.
             Slain by an adder (4 damage)
             ... on level 3 of the Dungeon.
             The game lasted 00:00:10 (43 turns).

Amnesiac the Magician (Mummy Earth Elementalist)      Turns: 43, Time: 00:00:11

Health: -2/13      AC:  2    Str: 11    XL:     1   Next: 16%
Magic:  1/4        EV: 12    Int: 14    God:
Gold:   31         SH:  0    Dex: 12    Spells: 4/5 levels left

rFire    x . .     SeeInvis .   (no weapon)
rCold    + . .     Gourm    .   (no shield)
rNeg     + + +     Faith    .   c - +0 robe
rPois    ∞         Spirit   .   (no helmet)
rElec    .         Reflect  .   (no cloak)
rCorr    .         Harm     .   (no gloves)
MR       .....                  (no boots)
Stlth    ++........             (no amulet)
HPRegen  0.04/turn              (no ring)
MPRegen  0.09/turn              (no ring)

@: very slightly contaminated
A: no food or potions, fire vulnerability, cold resistance 1, negative energy
resistance 3, torment resistance, unbreathing
a: no special abilities


You were on level 3 of the Dungeon.
You were not hungry.

You visited 1 branch of the dungeon, and saw 3 of its levels.

You collected 31 gold pieces.

Inventory:

Missiles
 b - 27 stones (quivered)
Armour
 c - a +0 robe (worn)
Scrolls
 a - a scroll of amnesia {!r, unknown}


   Skills:
 - Level 1.5 Dodging
 - Level 1.5 Stealth
 - Level 2.6 Spellcasting
   Level 0.7 Transmutations
 + Level 2.5 Earth Magic


You had 4 spell levels left.
You knew the following spells:

 Your Spells              Type           Power        Failure   Level  Hunger
a - Sandblast             Erth           #.....       8%          1    N/A

Your spell library contained the following spells:

 Spells                   Type           Power        Failure   Level  Hunger
 Stone Arrow              Conj/Erth      #.....       36%         3    N/A
 Passwall                 Tmut/Erth      #.......     17%         2    N/A
 Lee's Rapid Deconstruct  Erth           #.........   91%         5    N/A
 Petrify                  Tmut/Erth      #.......     75%         4    N/A

Dungeon Overview and Level Annotations

Branches:
Dungeon (3/15)

Altars:


Innate Abilities, Weirdness & Mutations

You do not eat or drink.
Your flesh is vulnerable to fire.
You are immune to poison.
Your flesh is cold resistant. (rC+)
You are immune to negative energy. (rN+++)
You are immune to unholy pain and torment.
You can survive without breathing.


Message History

Casting: Sandblast (safe; 8% risk of failure)
Confirm with . or Enter, or press ? or * to list all spells.
You can't see any susceptible monsters within range! (Use Z to cast anyway.)
Casting: Sandblast (safe; 8% risk of failure)
Confirm with . or Enter, or press ? or * to list all spells.
You can't see any susceptible monsters within range! (Use Z to cast anyway.)
You start resting.
Magic restored.
Found a fizzy golden potion.
There is a stone staircase leading down here.
You climb downwards.
A bat and an adder come into view.
There is a stone staircase leading up here.
Casting: Sandblast (safe; 8% risk of failure)
Confirm with . or Enter, or press ? or * to list all spells.
Aiming: Sandblast (safe; 8% risk of failure)
Press: ? - help, Shift-Dir - straight line, f - adder
Aim: an adder (resting)
The blast of sand hits the adder.
The adder is heavily wounded.
b - 28 stones
Casting: Sandblast (safe; 8% risk of failure)
Confirm with . or Enter, or press ? or * to list all spells.
Aiming: Sandblast (safe; 8% risk of failure)
Press: ? - help, Shift-Dir - straight line, f/p - adder
Aim: an adder (heavily wounded)
The blast of sand hits the adder.
The adder is almost dead.
b - 27 stones The bat hits you but does no damage.
The bat misses you.
Casting: Sandblast (safe; 8% risk of failure)
Confirm with . or Enter, or press ? or * to list all spells.
Aiming: Sandblast (safe; 8% risk of failure)
Press: ? - help, Shift-Dir - straight line, f/p - adder
Aim: an adder (almost dead)
You miscast Sandblast.
Motes of dust swirl before your eyes. The bat barely misses you.
The adder barely misses you.
Casting: Sandblast (safe; 8% risk of failure)
Confirm with . or Enter, or press ? or * to list all spells.
You don't have enough magic to cast that spell.
Casting: Sandblast (safe; 8% risk of failure)
Confirm with . or Enter, or press ? or * to list all spells.
You don't have enough magic to cast that spell.
Casting: Sandblast (safe; 8% risk of failure)
Confirm with . or Enter, or press ? or * to list all spells.
You don't have enough magic to cast that spell.
You hit the adder but do no damage.
The adder is almost dead.
The bat hits you but does no damage. The adder misses you.
The adder closely misses you.
You closely miss the adder.
The adder is almost dead.
The bat hits you but does no damage. The adder bites you.
You hit the adder.
The adder is almost dead.
The bat barely misses you. The adder bites you.
* * * LOW HITPOINT WARNING * * *
Unknown command.
You closely miss the adder.
The adder is almost dead.
The adder bites you.
* * * LOW HITPOINT WARNING * * *
The bat barely misses you. The adder bites you.
You die...

# #. #.. #...
#....#######.#
#............#
+.....b@S....+
#.....########
#####


You could see an adder and a bat.

Vanquished Creatures
  A goblin (D:2)
1 creature vanquished.

Notes
Turn   | Place    | Note
-------+----------+-------------------------------------------
     0 | D:1      | Amnesiac the Mummy Earth Elementalist began the quest for the Orb.
     0 | D:1      | Reached XP level 1. HP: 13/13 MP: 4/4
    20 | D:1      | You fall through a shaft!
    43 | D:3      | Slain by an adder

Vault maps used:
D:1:      minmay_arrival_hallway, minmay_heptomino_d4
D:2:      nicolae_overflow_hidden_temple, kennysheep_cross_room, uniq_natasha
D:3:      lemuel_round_altar, minmay_misc_feat_four_crosses,
          uniq_crazy_yiuf_cottage, uniq_jessica

Action                   || total
-------------------------++-------
Melee: Unarmed           ||     4
 Cast: Sandblast         ||     3
Armor: Robe              ||     3
Dodge: Dodged            ||     7

Table legend:
 A = Spawn XP
 B = Non-spawn XP
 C = Spawn XP percentage of total XP
 D = Spawn monster count
 E = Non-spawn monster count
 F = Spawn count percentage of total count
 G = Total turns spent on level
                    A         B        C        D         E        F      G
               +---------+---------+-------+---------+---------+-------+---------
         Total |       0 |       2 |   0.0 |       0 |       1 |   0.0 |    43
               +---------+---------+-------+---------+---------+-------+---------
           D:2 |       0 |       2 |   0.0 |       0 |       1 |   0.0 |    16
               +---------+---------+-------+---------+---------+-------+---------
